 Dungeon Crawl Stone Soup version 0.18-a0-1577-gf591c28 (webtiles) character file.

275 Sargon the Chopper (level 6, -3/47 HPs)
             Began as a Formicid Fighter on Mar 24, 2016.
             Was an Initiate of Qazlal.
             Slain by Empheia's ghost (6 damage)
             ... on level 6 of the Dungeon.
             The game lasted 00:07:09 (2989 turns).

Sargon the Chopper (Formicid Fighter)               Turns: 2989, Time: 00:07:09

Health: -3/47      AC:  9    Str: 20    XL:     6   Next: 49%
Magic:  6/6        EV:  5    Int:  8    God:    Qazlal [......]
Gold:   179        SH: 13    Dex: 12    Spells: 0 memorised, 5 levels left

rFire  . . .     SeeInvis +     a - +0 war axe
rCold  . . .     Gourm    .     p - +0 chain mail
rNeg   . . .     Faith    .     c - +0 shield
rPois  .         Spirit   .     (helmet unavailable)
rElec  .         Dismiss  .     (no cloak)
rCorr  .         Reflect  +     (no gloves)
SustAt .         Harm     .     (no boots)
MR     .....                    q - +4 amulet of reflection
Stlth  ..........               (no ring)
                                (no ring)

@: not resistant to hostile enchantments, extremely unstealthy
A: permanent stasis, dig shafts and tunnels, four strong arms, antennae 3
a: Dig, Shaft Self, Renounce Religion


You were on level 6 of the Dungeon.
You worshipped Qazlal.
Qazlal was noncommittal.
You were not hungry.

You visited 2 branches of the dungeon, and saw 5 of its levels.

You collected 179 gold pieces.

Inventory:

Hand Weapons
 a - a +0 war axe (weapon)
Armour
 c - a +0 shield (worn)
 p - a +0 chain mail (worn)
Jewellery
 q - a +4 amulet of reflection (around neck)
Wands
 g - a wand of disintegration (5/24)
Scrolls
 e - 2 scrolls of enchant armour {unknown}
 h - a scroll of blinking {unknown}
 j - 4 scrolls of remove curse {unknown}
 k - 5 scrolls of identify {unknown}
 m - a scroll of recharging {unknown}
 n - a scroll of fog {unknown}
 o - a scroll of teleportation {unknown}
Potions
 b - a potion of agility {unknown}
 d - 4 potions of might
 i - 3 potions of flight {unknown}
Comestibles
 f - 2 bread rations


   Skills:
 - Level 3.4 Fighting
 + Level 6.2 Axes
 - Level 3.3 Armour
 - Level 3.7 Shields


You had 5 spell levels left.
You didn't know any spells.

Dungeon Overview and Level Annotations

Branches:
Dungeon (4/15)             Temple (1/1) D:4

Altars:
Ashenzari
Dithmenos
Elyvilon
Kikubaaqudgha
Makhleb
Qazlal
Ru
Sif Muna
Vehumet
Yredelemnul
The Shining One

Annotations:
D:4 Blork the orc, Menkaure
D:6 Empheia's ghost, novice MiFi


Innate Abilities, Weirdness & Mutations

You are under a permanent stasis effect.
You can dig through walls and to a lower floor.
Your four strong arms can wield two-handed weapons with a shield.
You have a pair of large antennae on your head (SInv).


Message History

Empheia's ghost is lightly damaged.
Empheia's ghost hits you.
Your shield and chain mail prevent you from hitting Empheia's ghost.
Empheia's ghost is lightly damaged.
Empheia's ghost hits you.
A slave comes into view.
The slave shouts!
You hit Empheia's ghost.
Empheia's ghost is lightly damaged.
Empheia's ghost hits you.
You hit Empheia's ghost but do no damage.
Empheia's ghost is lightly damaged.
Empheia's ghost hits you!
* * * LOW HITPOINT WARNING * * *
Empheia's ghost hits you.
* * * LOW HITPOINT WARNING * * *
You hit Empheia's ghost.
Empheia's ghost is lightly damaged.
Empheia's ghost hits you.
You die...

###########.#
#.# #.# #.#
#.#
####.#########
#.............
#.##...####..
# ###@# #W#
#h# #Z# .p.
##..# { ...#
#.K. #.#.


You could see Pikel (wandering), a black bear, a slave, Empheia's ghost and a
giant frog skeleton.

Vanquished Creatures
  A scorpion (D:6)
  An orc priest (D:6)
  3 orc wizards (D:6)
  4 adders (D:2)
  2 oozes
  2 adder zombies (D:1)
  A worm (D:2)
  A dart slug (D:2)
  4 giant geckos
  6 orcs (D:6)
  A giant cockroach (D:1)
  6 goblins
  6 hobgoblins
  4 jackals (D:1)
  A quokka (D:2)
  4 bats
  A giant newt (D:2)
  2 kobolds
  5 rats
55 creatures vanquished.

Notes
Turn   | Place    | Note
--------------------------------------------------------------
     0 | D:1      | Sargon the Formicid Fighter began the quest for the Orb.
     0 | D:1      | Reached XP level 1. HP: 18/18 MP: 1/1
    31 | D:1      | Reached XP level 2. HP: 17/24 MP: 2/2
   318 | D:1      | Reached XP level 3. HP: 15/29 MP: 3/3
   322 | D:1      | Reached skill level 3 in Axes
  1096 | D:1      | You fall through a shaft!
  1161 | D:2      | Reached XP level 4. HP: 31/35 MP: 4/4
  1297 | D:2      | Reached skill level 4 in Axes
  1882 | D:2      | Found a basalt altar of Yredelemnul.
  1892 | D:2      | You fall through a shaft for 2 floors!
  1892 | D:4      | Found a staircase to the Ecumenical Temple.
  1892 | D:4      | Noticed Blork the orc
  1897 | Temple   | Entered the Ecumenical Temple
  2087 | Temple   | Became a worshipper of Qazlal Stormbringer
  2113 | D:4      | Noticed Menkaure
  2127 | D:4      | Reached XP level 5. HP: 28/41 MP: 5/5
  2130 | D:4      | You fall through a shaft for 2 floors!
  2281 | D:6      | Reached skill level 5 in Axes
  2597 | D:6      | Reached skill level 6 in Axes
  2597 | D:6      | Reached XP level 6. HP: 13/47 MP: 6/6
  2622 | D:6      | HP: 2/47 [poisoned by a scorpion]
  2975 | D:6      | Noticed Empheia's ghost (novice MiFi)
  2977 | D:6      | Noticed a black bear
  2987 | D:6      | Noticed a slave
  2989 | D:6      | Slain by Empheia's ghost

Vault maps used:
D:1:      saegor_arrival_fortress
D:2:      yredelemnul_altar_generic
D:4:      minmay_temple_entry_large_hall, gup_sewer_entry_spiral,
          uniq_blork_the_orc, uniq_crazy_yiuf_cottage, uniq_menkaure
D:6:      grunt_temple_overflow_bloody_war, uniq_pikel
Temple:   roderic_octagonal_lattice_temple

Skill      XL: |  1  2  3  4  5 |
---------------+----------------+-----
Axes           | 3 4 6 |  6.2
Fighting       | |  3.4
Armour         | |  3.3
Shields        | |  3.7

Action                   |  1- 3 |  4- 6 || total
-------------------------+-------+-------++-------
Melee: War axe           |    98 |   157 ||   255
 Abil: Shaft Self        |     1 |     2 ||     3
  Eat: Chunk             |       |     2 ||     2
       Beef jerky        |       |     1 ||     1
       Meat ration       |       |     1 ||     1
